 Dungeon Crawl Stone Soup version 0.20.0-10-g0535bb4 (webtiles) character file.

1699 Gadfly the Slasher (level 9, -4/61 HPs)
             Began as a Halfling Abyssal Knight on June 7, 2017.
             Was an Elder of Lugonu.
             Slain by a wolf spider zombie (16 damage)
             ... on level 7 of the Dungeon.
             The game lasted 00:17:11 (8491 turns).

Gadfly the Slasher (Halfling Abyssal Knight)        Turns: 8491, Time: 00:17:12

Health: -4/61      AC:  6    Str: 13    XL:     9   Next: 23%
Magic:  12/12      EV: 17    Int: 10    God:    Lugonu [****..]
Gold:   365        SH:  0    Dex: 17    Spells: 8/8 levels left

rFire    + . .     SeeInvis .   f - +0 long sword
rCold    x . .     Gourm    .   (shield restricted)
rNeg     . . .     Faith    +   i - +1 leather armour
rPois    .         Spirit   .   e - +2 hat
rElec    .         Reflect  .   (no cloak)
rCorr    .         Harm     .   (no gloves)
MR       .....                  (no boots)
Stlth    +.........             h - amulet of faith
Regen    0.2/turn               k - ring of fire
MPRegen  0.2/turn               (no ring)

@: no status effects
A: mutation resistance 1
a: Depart the Abyss, Bend Space, Banish, Corrupt, Renounce Religion


You were on level 7 of the Dungeon.
You worshipped Lugonu.
Lugonu was greatly pleased with you.
You were hungry.

You visited 1 branch of the dungeon, and saw 7 of its levels.
You visited the Abyss 1 time.

You collected 365 gold pieces.

Inventory:

Hand Weapons
 f - a +0 long sword (weapon)
Armour
 e - a +2 hat (worn)
 i - a +1 leather armour (worn)
Jewellery
 h - an amulet of faith (around neck)
 k - a ring of fire (left hand)
Wands
 o - a wand of polymorph (11/24)
 r - a wand of iceblast (6/15)
Scrolls
 j - a scroll of identify
 l - a scroll of fog
 n - 2 scrolls of enchant armour
 q - a scroll of enchant weapon
Potions
 m - 2 potions of flight
Comestibles
 b - 6 fruits
 c - 4 bread rations
 d - a royal jelly
 g - 6 meat rations


   Skills:
 + Level 5.0 Fighting
 + Level 7.3 Long Blades
 + Level 3.8 Armour
 * Level 5.4 Dodging
 * Level 5.2 Invocations


You had 8 spell levels left.
You didn't know any spells.

Dungeon Overview and Level Annotations

Branches:
Dungeon (7/15)             Temple (0/1) D:6

Altars:
Fedhas
Hepliaklqana
Kikubaaqudgha
Ru
Trog
Vehumet
Zin

Shops:
D:4 %


Innate Abilities, Weirdness & Mutations

You are small and have problems with some larger weapons.
You are somewhat resistant to further mutation.


Message History

You hit the shadow imp.
The shadow imp is lightly wounded.
You barely miss the shadow imp.
The shadow imp is lightly wounded.
The shadow imp closely misses you.
You hit the shadow imp.
The shadow imp is severely wounded.
The shadow imp hits you.
* * * LOW HITPOINT WARNING * * *
You hit the shadow imp.
You kill the shadow imp!
Lugonu accepts your kill. The wolf spider zombie hits you.
* * * LOW HITPOINT WARNING * * *
The wolf spider zombie closely misses you.
The hellwing swoops through the air toward you!
The hellwing hits you but does no damage.
The hellwing completely misses you. The wolf spider zombie hits you!
You die...

######## ###......#
## ##.....<..# ..
#.<.>..#..#
###.#####..#.#.#..#
.. ...##..#...#..#
#.##.##@.#......#
#....ZZ.4......##
####4######.####
.8.Z..5.# #.#
.Z...#### #.# .P..
#.# ..5 #.# .. .# .


You could see 2 hellwings, a shadow imp, a wolf spider zombie and a centaur
warrior skeleton.

Vanquished Creatures
  A hornet zombie (D:7)
  A phantom (D:4)
  2 ice beasts
  2 centaurs (D:5)
  3 bullfrogs
  A scorpion (D:5)
  2 bullfrog zombies (D:5)
  A centaur zombie (D:5)
  2 crimson imps
  2 jellies (D:5)
  3 hounds
  A bullfrog skeleton (D:5)
  7 orc wizards
  An iguana (D:5)
  5 worker ants
  A killer bee zombie (D:6)
  A hound skeleton (D:5)
  A howler monkey skeleton (D:5)
  6 adders
  2 shadow imps
  2 oozes
  2 adder skeletons (D:6)
  4 worms
  A dart slug (D:1)
  6 leopard geckos
  18 orcs
  2 giant cockroaches (D:3)
  10 goblins
  6 hobgoblins
  4 jackals (D:6)
  3 kobolds
  A quokka (D:3)
  2 ball pythons
  13 bats
  6 frilled lizards
  A leopard gecko skeleton (D:6)
  A quokka skeleton (D:5)
  12 rats
139 creatures vanquished.

Vanquished Creatures (others)
  3 orcs (D:5)
3 creatures vanquished.

Grand Total: 142 creatures vanquished

Notes
Turn   | Place    | Note
-------+----------+-------------------------------------------
     0 | Abyss:1  | Gadfly the Halfling Abyssal Knight began the quest for the Orb.
     0 | Abyss:1  | Reached XP level 1. HP: 15/15 MP: 2/2
    99 | Abyss:1  | Noticed a raiju
   110 | D:1      | Escaped the Abyss
   284 | D:1      | Reached XP level 2. HP: 4/20 MP: 3/3
   812 | D:1      | Reached XP level 3. HP: 26/26 MP: 4/4
   924 | D:1      | Reached ** piety under Lugonu
  1303 | D:2      | Reached XP level 4. HP: 31/31 MP: 5/5
  1620 | D:2      | Reached skill level 3 in Long Blades
  2257 | D:3      | Reached XP level 5. HP: 16/36 MP: 6/6
  2272 | D:3      | Reached *** piety under Lugonu
  2829 | D:3      | Found a blossoming altar of Fedhas.
  3235 | D:4      | Found an ancient bone altar of Kikubaaqudgha.
  3363 | D:4      | Noticed a phantom
  3430 | D:4      | Killed a phantom
  3430 | D:4      | Reached skill level 4 in Long Blades
  3430 | D:4      | Reached XP level 6. HP: 23/43 MP: 6/8
  3524 | D:4      | Found a hazy altar of Hepliaklqana.
  3572 | D:4      | Found Herokk's Food Emporium.
  4021 | D:5      | Entered Level 5 of the Dungeon
  4309 | D:5      | Reached XP level 7. HP: 40/48 MP: 9/9
  5675 | D:5      | Reached **** piety under Lugonu
  5675 | D:5      | Reached skill level 5 in Long Blades
  6037 | D:5      | Reached XP level 8. HP: 35/54 MP: 11/11
  6494 | D:5      | Got a faintly humming plate armour
  6495 | D:5      | Identified the +6 plate armour "Lucuf" {Int+7 Dex+7 Stlth-} (You found it on level 5 of the Dungeon)
  6513 | D:5      | Found a radiant altar of Vehumet.
  6573 | D:5      | Found a glowing silver altar of Zin.
  7083 | D:5      | Reached skill level 6 in Long Blades
  7556 | D:6      | Found a sacrificial altar of Ru.
  7564 | D:6      | Reached skill level 5 in Dodging
  7686 | D:6      | Noticed a moth of wrath
  7689 | D:6      | Found a bloodstained altar of Trog.
  7941 | D:6      | Reached XP level 9. HP: 51/59 MP: 12/12
  8092 | D:6      | Found a staircase to the Ecumenical Temple.
  8394 | D:7      | Reached skill level 7 in Long Blades
  8394 | D:7      | Reached skill level 5 in Invocations
  8471 | D:7      | Noticed a hellwing
  8473 | D:7      | Noticed a hellwing
  8486 | D:7      | Reached skill level 5 in Fighting
  8491 | D:7      | Slain by a wolf spider zombie

Skill      XL: |  1  2  3  4  5  6  7  8  9 |
---------------+----------------------------+-----
Fighting       | 3 4 5 |  5.0
Long Blades    | 3 4 5 6 7 |  7.3
Dodging        | 2 3 4 5 |  5.4
Invocations    | 3 4 5 |  5.2
Armour         | 3 |  3.8

Action                   |  1- 3 |  4- 6 |  7- 9 || total
-------------------------+-------+-------+-------++-------
Melee: Falchion          |    72 |   153 |       ||   225
       Long sword        |       |    17 |   329 ||   346
Invok: Bend Space        |       |       |     1 ||     1
  Use: Scroll            |     1 |     5 |     4 ||    10
       Potion            |     1 |     3 |     2 ||     6
 Stab: Sleeping          |       |     1 |       ||     1
  Eat: Chunk             |     1 |     7 |    12 ||    20
       Bread ration      |       |     1 |       ||     1
Armor: Leather armour    |    23 |    29 |    73 ||   125
       Skin              |       |       |    22 ||    22
Dodge: Dodged            |    47 |   134 |   293 ||   474
       Rpst.: Falchion   |    10 |    43 |       ||    53
       Long sword        |       |     5 |   106 ||   111
